 Dungeon Crawl Stone Soup version 0.31.0-12-g77e489cdc1 (webtiles) character file.

Game seed: 5064579755333283595

27 Chiseanne the Slasher (level 2, -2/21 HPs)
             Began as a Demonspawn Wanderer on Feb 20, 2024.
             Slain by a goblin
             ... wielding a +1 dagger of venom
              (4 damage)
             ... on level 1 of the Dungeon.
             The game lasted 00:02:14 (1250 turns).

Chiseanne the Slasher (Demonspawn Wanderer)         Turns: 1250, Time: 00:02:15

Health: -2/21      AC:  5    Str: 13    XL:     2   Next: 93%
Magic:  2/2        EV: 11    Int: 10    God:
Gold:   47         SH:  0    Dex: 13    Spells: 1/1 levels left

rFire   . . .        a - +0 long sword
rCold   . . .        (no shield)
rNeg    . . .        g - +0 ring mail
rPois   .            (no helmet)
rElec   .            (no cloak)
rCorr   .            (no gloves)
SInv    .            (no boots)
Will    .....        n - amulet of the acrobat
Stlth   +            (no ring)
HPRegen 0.23/turn    (no ring)
MPRegen 0.08/turn

%: acrobat
@: lethally poisoned (-2 -> -7)
A: sturdy frame 1
a: no special abilities


You were on level 1 of the Dungeon.
You visited 1 branch of the dungeon, and saw 2 of its levels.

You collected 47 gold pieces.

Inventory:

Hand Weapons
 a - a +0 long sword (weapon)
 b - a +0 spear
 d - a +0 dagger
Missiles
 c - 7 boomerangs (quivered)
 h - 10 stones
Armour
 g - a +0 ring mail (worn)
Jewellery
 n - an amulet of the acrobat (around neck)
Scrolls
 e - a scroll of silence
 f - 2 scrolls of identify {unknown}
 i - a scroll of poison {unknown}
 k - a scroll of torment {unknown}
 m - a scroll of amnesia {unknown}


   Skills:
 * Level 1.3 Fighting
 - Level 3.6 Long Blades
 - Level 1.7 Polearms
 - Level 1.0 Throwing
 * Level 1.6 Armour
 * Level 1.1 Dodging
 - Level 1.7 Stealth


You had one spell level left.
You didn't know any spells.
Your spell library was empty.

Dungeon Overview and Level Annotations

Branches:
Dungeon (2/15)

Altars:

Annotations:
D:2 1 runed translucent door, Crazy Yiuf, Natasha


Innate Abilities, Weirdness & Mutations

Your movements are slightly less encumbered by armour. (ER -2)


Message History

2 goblins come into view.
A goblin is wielding a +1 dagger of venom.
The goblin shouts!
You hear a shout!
A goblin comes into view. It is wielding a +0 dagger. x2
You see here a rat corpse.
You closely miss the goblin. The goblin hits you but does no damage.
You are poisoned.
The goblin hits you with a +1 dagger of venom.
You closely miss the goblin.
You feel sick.
You closely miss the goblin.
You feel sick. The goblin misses you.
You barely miss the goblin.
You feel sick.
A goblin comes into view. It is wielding a +0 dagger.
The goblin hits you but does no damage.
You are more poisoned.
You feel sick.
You feel sick.
You feel sick.
The goblin shouts!
The goblin completely misses you.
You feel sick.
The goblin unwields a +0 dagger.
The goblin wields a +0 sling.
The goblin shoots a sling bullet.
The sling bullet closely misses you. The goblin attacks as it pursues you!
The goblin misses you.
You feel sick.
You feel sick.
There is a stone staircase leading up here.
You feel sick.
You are no longer poisoned.
The goblin shoots a sling bullet.
The sling bullet barely misses you. The goblin hits you but does no damage.
You are lethally poisoned!
You climb upwards.
* * * LOW HITPOINT WARNING * * *
You feel very sick.
There is a stone staircase leading down here.
You hit the goblin.
The goblin is moderately wounded.
* * * LOW HITPOINT WARNING * * *
You feel sick.
The goblin hits you with a +1 dagger of venom.
You die...

## .# .# ############## .#
#^...........# ## .#
#............# #. .#
#............# #. .#
######............# #. .#
#...##..g@........# #.
.#######...##............### #.
.#.....'....#............'.# #.
##.#####....#............#.# #.
#.# #....#............#.#####.
##.#####....#............#.....'.
..........#.#............#######.
##.######.#.####...#......#### #.
.#.##.....#.# #...#..##.....# ##


You could see a goblin.

Vanquished Creatures
  An adder (D:2)
  3 endoplasms (D:1)
  3 hobgoblins
  3 ball pythons
  A bat (D:1)
  A frilled lizard (D:1)
  A goblin (D:2)
  A kobold (D:2)
  6 rats
20 creatures vanquished.

Notes
Turn   | Place    | Note
-------+----------+-------------------------------------------
     0 | D:1      | Chiseanne the Demonspawn Wanderer began the quest for the
                  | Orb.
     0 | D:1      | Chiseanne set off with the following items: a +0 long
                  | sword, a +0 spear, 7 boomerangs, a +0 dagger, a scroll of
                  | silence, a +0 leather armour.
     0 | D:1      | Reached XP level 1. HP: 13/13 MP: 1/1
   467 | D:1      | Gained mutation: Your movements are slightly less
                  | encumbered by armour. (ER -2) [demonic ancestry]
   467 | D:1      | Reached XP level 2. HP: 20/20 MP: 2/2
   674 | D:1      | Reached skill level 1 in Fighting
  1069 | D:2      | Noticed Natasha
  1071 | D:2      | Reached skill level 1 in Dodging
  1072 | D:2      | HP: 1/21 [Natasha/magic dart (3)]
  1201 | D:2      | Found a runed translucent door.
  1202 | D:2      | Noticed Crazy Yiuf
  1250 | D:1      | Slain by a goblin

Illustrated notes

Levels and vault maps discovered:
D:1:      dpeg_arrival_connections, layout_basic, chequers_arboretum
D:2:      kennysheep_the_goblin_king, layout_rooms,
          hellmonk_ecumenical_altar_inner_sanctum, basic_altar, uniq_natasha,
          uniq_crazy_yiuf_cottage

Skill      XL: |  1  2 |
---------------+-------+-----
Fighting       | 1 |  1.3
Dodging        | 1 |  1.1
Long Blades    | |  3.6
Polearms       | |  1.7
Throwing       | |  1.0
Armour         | |  1.6
Stealth        | |  1.7

Action                     || total
---------------------------++-------
  Melee: Long sword        ||    59
    Use: Potion            ||     2
   Stab: Sleeping          ||     2
 Armour: Ring mail         ||    60
         Leather armour    ||     4
  Dodge: Dodged            ||    76
